AoeStats
← Goku_San

Black Forest

509825419Analyzed
4v4 RM · 4d ago on Sep 28, 2026· 38m 16s· 8 players
Game mode
Random Map
Map size
Large (8 player)
Population
200
Speed
Normal
Resources
Standard
Victory
Conquest
Starting age
Dark Age
Ending age
Imperial Age
RankedLock teamsTeams togetherTeam positionsShared explorationLock speedFull tech treeHidden civsTurbo modeCheats
Victory
Defeat
🇮🇱 Hindustanis · Israel
1259
+11
🇹🇼 Teutons · Taiwan
1139
+16
🇳🇿 Jurchens · New Zealand
1136
+16
🇨🇳 Portuguese · China
1097
+17
🇪🇸 Danes · Spain
1293
-21
🇲🇽 Portuguese · Mexico
1129
-15
🇨🇳 Turks · China
1083
-13
🇲🇽 Ethiopians · Mexico
1035
-11
20ag
11:29 Feudal Age
15:47 Loom
18:14 Castle Age
17:14 Double-Bit Axe
21:07 Wheelbarrow
26:21 Bow Saw
28:04 Hand Cart
32:39 Imperial Age
30:16 Padded Archer Armor
30:08 Fletching
30:26 Gold Mining
30:47 Town Watch
31:16 Horse Collar
31:19 Pikeman
32:16 Leather Archer Armor
32:01 Scale Mail Armor
32:35 Ballistics
32:34 Fortified Wall
34:23 Chemistry
33:35 Masonry
34:07 Arquebus
34:11 Halberdier
35:49 Elite Skirmisher
[B]Dr. Catanabico
0:33 Loom
22:55 Feudal Age
23:24 Double-Bit Axe
29:33 Wheelbarrow
32:16 Castle Age
30:36 Fletching
31:05 Padded Archer Armor
31:36 Horse Collar
32:33 Crossbowman
33:11 Bodkin Arrow
33:32 Leather Archer Armor
Gandalfff
9:18 Loom
11:03 Feudal Age
10:32 Loom
12:17 Feudal Age
13:31 Horse Collar
13:41 Double-Bit Axe
16:29 Castle Age
15:04 Wheelbarrow
21:37 Heavy Plow
21:48 Bow Saw
26:13 Hand Cart
27:29 Gold Mining
27:29 Stone Mining
31:54 Imperial Age
29:46 Masonry
30:17 Gambesons
30:32 Squires
30:19 Arson
30:35 Scale Mail Armor
30:46 Forging
31:19 Gold Shaft Mining
31:19 Stone Shaft Mining
30:56 Town Watch
31:46 Town Patrol
32:27 Chain Mail Armor
32:47 Iron Casting
31:40 Pikeman
32:41 Padded Archer Armor
32:29 Onager
34:48 Siege Onager
36:23 Plate Mail Armor
36:53 Blast Furnace
35:32 Halberdier
35:33 Elite Varangian Guard
35:55 Northmen's Fury
37:56 Conscription
37:08 Capped Ram
3232984158
1:45 Loom
3:22 Loom
12:32 Feudal Age
16:15 Castle Age
14:58 Double-Bit Axe
15:22 Horse Collar
18:09 Wheelbarrow
18:00 Bow Saw
22:16 Heavy Plow
22:35 Gold Mining
24:13 Town Watch
29:05 Imperial Age
27:41 Hand Cart
27:57 Hand Cart
28:27 Gold Shaft Mining
27:42 Stone Mining
28:21 Fletching
28:38 Scale Barding Armor
28:43 Forging
30:29 Artillery
30:49 Conscription
32:02 Two-Man Saw
31:28 Bodkin Arrow
31:34 Padded Archer Armor
32:09 Bloodlines
31:59 Husbandry
32:46 Bracer
33:01 Leather Archer Armor
33:11 Ballistics
36:10 Bombard Tower
36:24 Ring Archer Armor
Goku_San
7:24 Loom
9:57 Feudal Age
10:29 Double-Bit Axe
10:47 Horse Collar
14:44 Castle Age
21:33 Bow Saw
21:38 Heavy Plow
22:43 Wheelbarrow
22:00 Gold Mining
22:06 Stone Mining
23:39 Gold Shaft Mining
23:58 Fervor
24:06 Hand Cart
29:22 Imperial Age
27:18 Padded Archer Armor
28:28 Stone Shaft Mining
28:42 Grand Trunk Road
29:05 Leather Archer Armor
31:04 Chemistry
30:37 Ring Archer Armor
31:10 Two-Man Saw
30:24 Shatagni
30:45 Conscription
31:05 Siege Engineers
35:37 Scale Barding Armor
35:43 Forging
37:31 Light Cavalry
38:21 Bloodlines
38:12 Husbandry
38:35 Chain Barding Armor
38:51 Iron Casting
rower56
1:11 Loom
17:23 Feudal Age
18:28 Horse Collar
18:35 Double-Bit Axe
24:32 Castle Age
22:56 Stone Mining
22:56 Gold Mining
23:03 Gold Mining
25:23 Bow Saw
26:38 Fletching
26:16 Crossbowman
27:31 Fervor
32:14 Imperial Age
31:34 Wheelbarrow
31:54 Crossbowman
32:40 Thumb Ring
32:43 Bodkin Arrow
32:48 Padded Archer Armor
32:49 Scale Mail Armor
32:59 Forging
33:11 Ballistics
34:32 Chemistry
35:09 Bracer
36:21 Arbalester
scrawnny12
10:55 Feudal Age
12:07 Double-Bit Axe
15:02 Castle Age
12:45 Horse Collar
16:18 Bow Saw
24:07 Heavy Plow
30:11 Imperial Age
28:43 Wheelbarrow
28:13 Gold Mining
28:15 Stone Mining
30:08 Fortified Wall
30:20 Ballistics
30:06 Siege Engineers
31:29 Stone Shaft Mining
31:30 Gold Shaft Mining
31:14 Hand Cart
30:50 Loom
31:21 Bloodlines
31:11 Husbandry
31:38 Conscription
32:22 Thunderclap Bombs
31:59 Heavy Rocket Cart
34:41 Chemistry
michaelye023755
0:27 Loom
11:17 Feudal Age
11:40 Horse Collar
11:47 Double-Bit Axe
16:52 Castle Age
21:05 Bow Saw
26:45 Heavy Plow
30:49 Imperial Age
29:13 Wheelbarrow
28:29 Town Watch
29:11 Fletching
29:37 Masonry
29:58 Hand Cart
30:43 Town Patrol
32:32 Chemistry
32:30 Crop Rotation
33:07 Two-Man Saw
33:08 Ballistics
32:47 Bodkin Arrow
33:18 Conscription
33:33 Hoardings
34:22 Pikeman
35:02 Squires
34:47 Arson
34:47 Halberdier
36:07 Forging
35:57 Scale Mail Armor
39:14 Iron Casting
38:54 Chain Mail Armor
Connection lost

Rejoining the realm…

Still unreachable

The connection could not be restored.

Session expired

The server has moved on; the page needs a fresh start.